 Dungeon Crawl Stone Soup version 0.22-a0-776-ge6d7efa (webtiles) character file.

112 Hebeh the Conjurer (level 4, 0/24 HPs)
             Began as a Deep Elf Conjurer on July 18, 2018.
             Slain by a goblin
             ... wielding a +0 dagger
             ... led by Robin
              (2 damage)
             ... on level 3 of the Dungeon.
             The game lasted 00:06:56 (1871 turns).

Hebeh the Conjurer (Deep Elf Conjurer)              Turns: 1871, Time: 00:06:57

Health: 0/24       AC:  4    Str:  5    XL:     4   Next: 63%
Magic:  1/12       EV: 10    Int: 21    God:
Gold:   51         SH:  6    Dex: 15    Spells: 1/12 levels left

rFire    . . .     SeeInvis .   t - -3 hunting sling (curse)
rCold    . . .     Gourm    .   f - +0 shield (curse)
rNeg     . . .     Faith    .   k - +0 robe
rPois    .         Spirit   .   n - +1 helmet
rElec    .         Reflect  .   (no cloak)
rCorr    .         Harm     .   (no gloves)
MR       .....                  (no boots)
Stlth    ++........             (no amulet)
HPRegen  0.08/turn              e - ring of wizardry (curse)
MPRegen  0.13/turn              (no ring)

@: no status effects
A: no striking features
a: no special abilities


You were on level 3 of the Dungeon.
You were hungry.

You visited 1 branch of the dungeon, and saw 3 of its levels.

You collected 51 gold pieces.

Inventory:

Hand Weapons
 a - a +2 dagger of holy wrath
 b - a +0 hunting sling
 t - a cursed -3 hunting sling (weapon)
Missiles
 i - 12 sling bullets (quivered)
 l - 98 stones
 m - 16 bolts
 o - 38 arrows
Armour
 f - a cursed +0 shield (worn)
 k - a +0 robe (worn)
 n - a +1 helmet (worn)
Jewellery
 e - a cursed ring of wizardry (left hand)
 p - an uncursed ring of positive energy {unknown}
Potions
 d - 2 potions of invisibility
 g - a potion of heal wounds {unknown}
 h - a potion of agility {unknown}
 j - a potion of curing
Comestibles
 c - 3 rations


   Skills:
 - Level 2.4 Dodging
 - Level 2.4 Stealth
 + Level 4.5 Spellcasting
 * Level 6.0 Conjurations


You had one spell level left.
You knew the following spells:

 Your Spells              Type           Power        Failure   Level  Hunger
a - Magic Dart            Conj           ####         2%          1    None
b - Iskenderun's Mystic   Conj           ####....     26%         4    ####...
c - Searing Ray           Conj           ####..       4%          2    #......
d - Force Lance           Conj/Tloc      ###.....     65%         4    ####...

Your spell library contained the following spells:

 Spells                   Type           Power        Failure   Level  Hunger
 Fulminant Prism          Conj/Hex       ###.......   65%         4    ####...
 Dazzling Spray           Conj/Hex       ###...       26%         3    ##.....


Dungeon Overview and Level Annotations

Branches:
Dungeon (3/15)

Altars:
Xom


Message History

* * * LOW HITPOINT WARNING * * *
The orc hits you but does no damage. The goblin hits you but does no damage.
Your shield prevents you from hitting the orc.
The orc hits you but does no damage. You block the goblin's attack.
The orc hits you but does no damage.
You barely miss the orc. The goblin hits you with a dagger.
* * * LOW HITPOINT WARNING * * *
The orc closely misses you. You block the goblin's attack.
The orc barely misses you.
You closely miss the orc. You block the goblin's attack.
The orc closely misses you. The goblin hits you with a dagger.
* * * LOW HITPOINT WARNING * * *
Casting: Magic Dart (safe; 2% risk of failure)
Confirm with . or Enter, or press ? or * to list all spells.
Aiming: Magic Dart (safe; 2% risk of failure)
Press: ? - help, Shift-Dir - straight line, f/p - orc
Aim: an orc, wielding a dagger and wearing a scale mail The magic dart hits the orc.
The orc closely misses you. The goblin hits you with a dagger.
You die...

####..†
..(.) ..)
#.# #<# #g#
# #g# #.###
#.##o#......
#...@gg.$...
######.#####
... ###


You could see an orc, a hobgoblin and 3 goblins.

Vanquished Creatures
  Jessica (D:2)
  Robin (D:3)
  3 adders (D:2)
  An ooze (D:2)
  A worm (D:2)
  A dart slug (D:1)
  4 leopard geckos
  A ball python (D:1)
  7 goblins
  4 hobgoblins
  4 bats
  3 frilled lizards
  2 kobolds (D:1)
  7 rats
40 creatures vanquished.

Notes
Turn   | Place    | Note
-------+----------+-------------------------------------------
     0 | D:1      | Hebeh the Deep Elf Conjurer began the quest for the Orb.
     0 | D:1      | Reached XP level 1. HP: 10/10 MP: 6/6
   284 | D:1      | Reached XP level 2. HP: 15/15 MP: 5/8
   796 | D:2      | Reached skill level 5 in Conjurations
   981 | D:2      | Noticed Jessica
   985 | D:2      | Killed Jessica
   985 | D:2      | Reached XP level 3. HP: 19/19 MP: 4/10
  1210 | D:2      | Found a shimmering altar of Xom.
  1263 | D:2      | Reached XP level 4. HP: 24/24 MP: 8/12
  1716 | D:2      | Learned a level 4 spell: Iskenderun's Mystic Blast
  1719 | D:2      | Learned a level 2 spell: Searing Ray
  1724 | D:2      | Learned a level 4 spell: Force Lance
  1849 | D:3      | Noticed Robin
  1858 | D:3      | Killed Robin
  1858 | D:3      | Reached skill level 6 in Conjurations
  1871 | D:3      | Slain by a goblin

Vault maps used:
D:1:      saegor_arrival_simple_e
D:2:      lemuel_crystal_altar, uniq_jessica
D:3:      nicolae_overflow_crystal_walls, gammafunk_temple_overflow_claw,
          uniq_robin

Skill      XL: |  1  2  3  4 |
---------------+-------------+-----
Conjurations   | 5 6 |  6.0
Spellcasting   | 4 |  4.5
Dodging        | |  2.4
Stealth        | |  2.4

Action                   |  1- 3 |  4- 6 || total
-------------------------+-------+-------++-------
Melee: Hunting sling     |       |     7 ||     7
 Fire: Hunting sling     |       |     5 ||     5
 Cast: Magic Dart        |    49 |    41 ||    90
  Use: Scroll            |       |     2 ||     2
  Eat: Chunk             |     1 |     1 ||     2
Armor: Robe              |       |     7 ||     7
Dodge: Dodged            |     4 |    10 ||    14
Block: Shield            |       |     8 ||     8

Table legend:
 A = Spawn XP
 B = Non-spawn XP
 C = Spawn XP percentage of total XP
 D = Spawn monster count
 E = Non-spawn monster count
 F = Spawn count percentage of total count
 G = Total turns spent on level
                    A         B        C        D         E        F      G
               +---------+---------+-------+---------+---------+-------+---------
         Total |       0 |     160 |   0.0 |       0 |      40 |   0.0 |  1871
               +---------+---------+-------+---------+---------+-------+---------
           D:1 |       0 |      15 |   0.0 |       0 |       9 |   0.0 |   519
           D:2 |       0 |     121 |   0.0 |       0 |      25 |   0.0 |  1316
           D:3 |       0 |      24 |   0.0 |       0 |       6 |   0.0 |    36
               +---------+---------+-------+---------+---------+-------+---------
